 Dungeon Crawl Stone Soup version 0.26.1-2-gb8aa6d0cf2 (webtiles) character file.

Game seed: 10938560578298494712

8693 hawla the Destroyer (level 11, -6/111 HPs)
             Began as a Red Draconian Conjurer on Feb 18, 2021.
             Was a Believer of Vehumet.
             Mangled by Snorg (12 damage)
             ... on level 11 of the Dungeon on Feb 22, 2021.
             The game lasted 00:36:42 (16768 turns).

hawla the Destroyer (Red Draconian Conjurer)       Turns: 16768, Time: 00:36:43

Health: -6/111     AC: 25    Str:  9    XL:     11   Next: 13%
Magic:  2/20       EV:  2    Int: 22    God:    Vehumet [**....]
Gold:   706        SH:  0    Dex: 16    Spells: 15/22 levels left

rFire    + . .     SeeInvis .   w - staff of fire
rCold    + . .     Faith    .   (no shield)
rNeg     + + +     Spirit   .   (armour unavailable)
rPois    +         Reflect  .   (helmet currently unavailable)
rElec    .         Harm     .   (cloak currently unavailable)
rCorr    .         Rampage  .   (gloves currently unavailable)
Will     .....     NoTele   +   (boots currently unavailable)
Stlth    ++........             (no amulet)
HPRegen  0.28/turn              t - ring of protection from cold
MPRegen  0.17/turn              y - +6 ring of dexterity

@: mighty, tree-form, slowed, very slow
A: (breathe fire), unfitting armour, AC +7
a: Renounce Religion


You were on level 11 of the Dungeon.
You worshipped Vehumet.
Vehumet was pleased with you.
You were a tree.
You visited 2 branches of the dungeon, and saw 13 of its levels.

You collected 1081 gold pieces.
You spent 375 gold pieces at shops.

Inventory:

Hand Weapons
 h - a +2 quarterstaff of venom
 k - the +1 flail of Foolhardiness {flame, +Blink +Rage Will+ Stlth+}
   (You found it on level 6 of the Dungeon)

   It has been specially enchanted to burn those struck by it, causing extra
   injury to most foes and up to half again as much damage against particularly
   susceptible opponents.
   It affects your willpower, your defense against some magical effects.
   It lets you blink.
   It lets you go berserk.
   It makes you more stealthy.
 r - a +2 whip of venom
Missiles
 o - 5 poisoned darts
 x - 4 datura-tipped darts (quivered)
 B - 7 atropa-tipped darts
Armour
 i - a +1 cloak (melded)
 s - a +0 pair of boots (melded)
Magical Staves
 w - an uncursed staff of fire (weapon)
 D - an uncursed staff of earth
Jewellery
 n - a cursed amulet of inaccuracy {unknown}
 q - an uncursed ring of positive energy {unknown}
 t - a ring of protection from cold (left branch)
 y - a +6 ring of dexterity (right branch)
Wands
 c - a wand of iceblast (19)
 u - a wand of polymorph (6)
Scrolls
 b - a scroll of fog
 f - 3 scrolls of identify
 g - a scroll of enchant weapon
 l - a scroll of magic mapping
 z - a scroll of remove curse
 C - a scroll of holy word
Potions
 d - 2 potions of berserk rage
 e - 4 potions of lignification
 j - 2 potions of ambrosia
 m - a potion of curing
 p - 3 potions of haste


   Skills:
 - Level 6.0 Staves
 - Level 1.7 Dodging
 - Level 1.7 Stealth
 - Level 6.0 Spellcasting
 + Level 11.4 Conjurations
 - Level 4.7 Translocations
 + Level 10.6 Fire Magic
 - Level 1.0 Evocations


You had 15 spell levels left.
You knew the following spells:

 Your Spells              Type           Power        Failure   Level
a - Magic Dart            Conj           100%         1%          1
b - Searing Ray           Conj           100%         1%          2
c - Iskenderun's Mystic   Conj/Tloc      42%          3%          4

Your spell library contained the following spells:

 Spells                   Type           Power        Failure   Level
 Sandblast                Erth           12%          9%          1
 Conjure Flame            Conj/Fire      70%          1%          3
 Dazzling Flash           Conj/Hex       62%          2%          3
 Gell's Gravitas          Tloc           13%          3%          3
 Inner Flame              Hex/Fire       45%          3%          3
 Mephitic Cloud           Conj/Pois/Air  23%          6%          3
 Corona                   Hex            6%           9%          1
 Pain                     Necr           24%          9%          1
 Fulminant Prism          Conj/Hex       15%          9%          4
 Portal Projectile        Hex/Tloc       34%          11%         3
 Poisonous Vapours        Pois/Air       12%          14%         2
 Slow                     Hex            6%           14%         2
 Sublimation of Blood     Necr           3%           14%         2
 Confusing Touch          Hex            6%           26%         3
 Cause Fear               Hex            3%           65%         4
 Leda's Liquefaction      Hex/Erth       3%           65%         4
 Petrify                  Tmut/Erth      6%           65%         4
 Agony                    Necr           6%           94%         5
 Metabolic Englaciation   Hex/Ice        3%           94%         5
 Yara's Violent Unravell  Hex/Tmut       3%           94%         5
 Freezing Cloud           Conj/Ice/Air   11%          96%         6


Dungeon Overview and Level Annotations

Branches:
Dungeon (12/15)            Temple (1/1) D:7            Lair (0/6) D:8
    Orc: D:9-12

Altars:
Ashenzari
Cheibriados
Dithmenos
Elyvilon
Fedhas
Gozag
Hepliaklqana
Kikubaaqudgha
Makhleb
Nemelex Xobeh
Okawaru
Qazlal
Ru
Sif Muna
Trog
Uskayaw
Vehumet
Wu Jian
Xom
Yredelemnul
Zin
The Shining One

Shops:
D:5 *   D:7 (}   D:9 [

Portals:
Trove: D:12 (lose all piety)

Annotations:
D:7 Joseph
D:11 Snorg
D:12 Josephine


Innate Abilities, Weirdness & Mutations

((You can breathe blasts of fire.))
((Your fiery red scales are hard. (AC +7)))
You cannot fit into any form of body armour.
((Your flesh is heat resistant. (rF+)))
((You are cold-blooded and may be slowed by cold attacks.))


Message History

Snorg completely misses you. Snorg claws you.
* * * LOW HITPOINT WARNING * * *
Snorg claws you.
* * * LOW HITPOINT WARNING * * *
Snorg barely misses you. Snorg claws you.
* * * LOW HITPOINT WARNING * * *
Snorg claws you but does no damage.
Casting: Searing Ray (safe; 1% risk of failure)
Confirm with . or Enter, or press ? or * to list all spells.
You don't have enough magic to cast that spell.
Snorg bites you but does no damage. Snorg barely misses you.
Snorg completely misses you. Snorg bites you but does no damage.
Snorg claws you.
* * * LOW HITPOINT WARNING * * *
Snorg claws you but does no damage. Snorg bites you.
* * * LOW HITPOINT WARNING * * *
Snorg claws you.
* * * LOW HITPOINT WARNING * * *
Snorg claws you!
You die...

#...........# #...........#
#...........#
#....?......######
#.................
#####.................
#########.......)...).......(.
.......##.....................
.......##.......♣T...>........
.......##.....................
#......##.....................
..............................
#......##....###########......
#......##....# ...}..
#.....)####.## ......
###########.# ###### #
#.......#.#


You could see Snorg (berserk).

Vanquished Creatures
  A boulder beetle (D:12)
  A cyclops (D:12)
  2 deep elf magi (D:12)
  Maggie (D:7)
  3 trolls
  6 yaks
  Sigmund (D:2)
  A wraith (D:12)
  A water elemental (D:12)
  Menkaure (D:5)
  A water moccasin (D:10)
  2 black bears (D:12)
  A hornet zombie (D:5)
  4 ice beasts
  2 sky beasts
  4 orc warriors
  2 eyes of draining
  2 phantoms
  7 ogres
  2 centaurs
  4 bullfrogs
  4 scorpions
  A wyvern skeleton (D:9)
  4 electric eels
  3 howler monkeys (D:7)
  2 centaur zombies
  A bullfrog zombie (D:7)
  A quasit (D:12)
  8 orc wizards
  Crazy Yiuf (D:2)
  5 hounds
  A jelly (D:9)
  2 bullfrog skeletons
  3 centaur skeletons
  An orc priest (D:6)
  3 iguanas
  9 worker ants
  A hound zombie (D:5)
  2 worker ant zombies
  10 gnolls
  A howler monkey skeleton (D:5)
  5 adders
  2 shadow imps
  3 white imps
  An ufetubus (D:6)
  An ooze (D:3)
  An adder skeleton (D:7)
  3 worms
  2 dart slugs
  4 leopard geckos
  30 orcs
  3 giant cockroaches
  5 goblins
  9 hobgoblins
  7 jackals
  7 kobolds
  2 quokkas (D:2)
  2 ball pythons
  7 bats
  5 frilled lizards
  2 jackal skeletons
  A leopard gecko zombie (D:5)
  2 quokka skeletons
  2 quokka zombies
  9 rats
227 creatures vanquished.

Vanquished Creatures (others)
  A shadow imp (D:9)
  An orc (D:9)
  A fungus (D:2)
  4 toadstools (D:2)
  6 withered plants (D:5)
13 creatures vanquished.

Grand Total: 240 creatures vanquished

Notes
Turn   | Place    | Note
-------+----------+-------------------------------------------
     0 | D:1      | hawla the Draconian Conjurer began the quest for the Orb.
     0 | D:1      | Reached XP level 1. HP: 14/14 MP: 3/3
   314 | D:1      | Reached XP level 2. HP: 20/20 MP: 3/5
   317 | D:1      | Learned a level 2 spell: Searing Ray
  1594 | D:1      | Reached XP level 3. HP: 26/26 MP: 3/6
  1822 | D:2      | Noticed Sigmund
  2014 | D:2      | Killed Sigmund
  2015 | D:2      | Reached skill level 6 in Conjurations
  2015 | D:2      | Reached XP level 4. HP: 22/33 MP: 1/8
  2015 | D:2      | Reached XP level 5. HP: 25/38 MP: 1/9
  2020 | D:2      | Learned a level 4 spell: Iskenderun's Mystic Blast
  2624 | D:2      | Found a runed translucent door.
  2625 | D:2      | Noticed Crazy Yiuf
  2633 | D:2      | Killed Crazy Yiuf
  2933 | D:2      | Reached skill level 1 in Translocations
  3116 | D:3      | Reached XP level 6. HP: 43/45 MP: 5/10
  3339 | D:3      | Reached skill level 1 in Staves
  3772 | D:3      | Found a shadowy altar of Dithmenos.
  4655 | D:4      | Your scales start taking on a fiery red colour.
  4655 | D:4      | Reached XP level 7. HP: 47/50 MP: 4/12
  4655 | D:4      | Gained mutation: Your flesh is heat resistant. (rF+) [Red
                  | Draconian growth]
  5028 | D:4      | Reached skill level 1 in Fire Magic
  5166 | D:4      | Reached skill level 7 in Conjurations
  5960 | D:5      | Entered Level 5 of the Dungeon
  6329 | D:5      | Reached XP level 8. HP: 39/57 MP: 5/14
  6721 | D:5      | Noticed Menkaure
  7207 | D:5      | Killed Menkaure
  7208 | D:5      | Reached skill level 8 in Conjurations
  7459 | D:5      | Found Eticaite's General Store.
  7952 | D:6      | Reached skill level 5 in Spellcasting
  8162 | D:6      | Found a basalt altar of Yredelemnul.
  8235 | D:6      | Reached skill level 1 in Evocations
  8557 | D:6      | Reached XP level 9. HP: 58/62 MP: 16/16
  8818 | D:6      | Found a hide-covered altar of Uskayaw.
  8903 | D:5      | Bought an uncursed staff of fire for 375 gold pieces
  9017 | D:6      | Got an ancient flail
  9018 | D:6      | Identified the cursed +1 flail of Foolhardiness {flame,
                  | +Blink +Rage Will+ Stlth+} (You found it on level 6 of the
                  | Dungeon)
  9114 | D:7      | Noticed Maggie
  9119 | D:7      | Identified a scroll of acquirement
  9120 | D:7      | Acquired 344 gold pieces
  9137 | D:7      | Killed Maggie
  9138 | D:7      | Reached skill level 5 in Fire Magic
  9415 | D:7      | Found a staircase to the Ecumenical Temple.
  9508 | Temple   | Entered the Ecumenical Temple
  9778 | Temple   | Became a worshipper of Vehumet
  9967 | D:7      | Found Puukhlun's Gadget Emporium.
 10078 | D:7      | Found Veatod's Antique Weapon Shop.
 10201 | D:7      | Noticed Joseph
 10716 | D:8      | Found a shimmering altar of Xom.
 10721 | D:8      | Found a white marble altar of Elyvilon.
 10723 | D:8      | Found a snail-covered altar of Cheibriados.
 11075 | D:8      | Found a blossoming altar of Fedhas.
 11103 | D:8      | Found a staircase to the Lair.
 11123 | D:8      | Reached * piety under Vehumet
 11123 | D:8      | Offered knowledge of Sandblast by Vehumet.
 11124 | D:8      | Reached skill level 9 in Conjurations
 11548 | D:9      | Reached skill level 5 in Staves
 12184 | D:9      | Reached XP level 10. HP: 69/69 MP: 14/19
 12390 | D:9      | Identified the Catalogue of Unholy Rites
 12557 | D:9      | Found a shimmering blue altar of Sif Muna.
 12600 | D:9      | Identified Sif Muna's Reference Book on Clay
 12826 | D:9      | Found Sasiaxzeluf's Armour Emporium.
 13137 | D:9      | Found a burning altar of Makhleb.
 13510 | D:10     | Entered Level 10 of the Dungeon
 14211 | D:10     | Reached skill level 10 in Conjurations
 15395 | D:11     | Noticed Snorg
 15463 | D:12     | Found a portal to a secret trove of treasure.
 15774 | D:12     | Noticed a deep elf mage
 15779 | D:12     | Killed a deep elf mage
 15935 | D:12     | Noticed a cyclops
 15942 | D:12     | Killed a cyclops
 15943 | D:12     | Reached skill level 11 in Conjurations
 16038 | D:12     | Found a hide-covered altar of Uskayaw.
 16039 | D:12     | Noticed a boulder beetle
 16049 | D:12     | Found an ornate altar of the Wu Jian Council.
 16053 | D:12     | Noticed Josephine
 16060 | D:12     | Killed a boulder beetle
 16061 | D:12     | Reached skill level 10 in Fire Magic
 16160 | D:12     | Noticed a deep elf mage
 16168 | D:12     | Killed a deep elf mage
 16169 | D:12     | Reached XP level 11. HP: 58/74 MP: 10/20
 16466 | D:12     | Reached ** piety under Vehumet
 16768 | D:11     | Mangled by Snorg

Illustrated notes

Levels and vault maps discovered:
D:1:      psy_arrival_radial02, layout_loops_ring
D:2:      layout_basic, minmay_misc_feat_hallway, minmay_gold_behind_fungi,
          uniq_crazy_yiuf_cottage, uniq_sigmund
D:3:      layout_loops_corners, nicolae_dithmenos_through_a_glass_darkly,
          amcnicky_mini_corridor_feature
D:4:      layout_loops_corners
D:5:      layout_cave_pools, serial_undead, serial_undead_d, serial_undead_c,
          serial_undead_b, serial_undead_b, serial_undead_b, serial_shops,
          nicolae_shop_behind_doors, uniq_menkaure
D:6:      layout_basic, kennysheep_mini_moat, eat_drink_and_be_merry_uskayaw
D:7:      layout_basic, minmay_temple_entry_waves, serial_shops,
          nicolae_shop_behind_doors, shop, uniq_joseph, uniq_maggie
D:8:      layout_gridville, overflow_temple_1_default,
          grunt_temple_overflow_open, lair_entry_dummy, roderic_serpentine_path
D:9:      layout_basic, nicolae_overflow_hidden_temple, led_sif_book,
          serial_shops, shop, minmay_misc_feat_columns
D:10:     layout_layer_cave
D:11:     layout_basic, minmay_orc_entry_temple_small, serial_shops,
          shop_fountains, uniq_snorg
D:12:     layout_basic, enter_trove_0, minivault_11,
          nzn_masters_of_martial_movement, uniq_josephine
Temple:   oiseaux_autumnal_temple

Skill      XL: |  1  2  3  4  5  6  7  8  9 10 |
---------------+-------------------------------+-----
Spellcasting   | 3 4 5 6 |  6.0
Conjurations   | 6 7 8 9 11 | 11.4
Translocations | 1 2 3 4 |  4.7
Staves         | 1 2 3 5 6 |  6.0
Fire Magic     | 2 4 6 10 | 10.6
Evocations     | 1 |  1.0
Dodging        | |  1.7
Stealth        | |  1.7

Action                   |  1- 3 |  4- 6 |  7- 9 | 10-12 || total
-------------------------+-------+-------+-------+-------++-------
Melee: Unarmed           |    30 |     7 |       |       ||    37
       Tailslap          |     2 |     5 |     8 |     3 ||    18
       Quarterstaff      |       |    32 |       |       ||    32
       Whip              |       |       |    54 |       ||    54
       Flail             |       |       |    23 |       ||    23
       Staff             |       |       |     9 |    27 ||    36
Throw: Dart              |       |       |       |     7 ||     7
       Throwing net      |       |       |       |     1 ||     1
 Cast: Magic Dart        |    53 |    23 |    39 |    23 ||   138
       Searing Ray       |     3 |    25 |    63 |    45 ||   136
       Iskenderun's Myst |       |     1 |    36 |    37 ||    74
 Abil: Breathe Fire      |       |       |     5 |     1 ||     6
  Use: Scroll            |     4 |     9 |    12 |    10 ||    35
       Potion            |     1 |       |     2 |     6 ||     9
Armor: Skin              |    21 |    15 |    92 |    36 ||   164
Dodge: Dodged            |    46 |    31 |   100 |    43 ||   220
